 Dungeon Crawl Stone Soup version 0.26-a0-651-gb41185065b (webtiles) character file.

Game seed: 14251031787142479142

(classic levelgen) 16 EnegeticOcto the Sneak (level 2, 0/27 HPs)
             Began as a Deep Dwarf Delver on Oct 24, 2020.
             Was an Initiate of Ru.
             Slain by a centaur (4 damage)
             ... on level 5 of the Dungeon.
             The game lasted 00:00:51 (122 turns).

EnegeticOcto the Sneak (Deep Dwarf Delver)           Turns: 122, Time: 00:00:52

Health: 0/27       AC:  3    Str: 15    XL:     2   Next: 37%
Magic:  1/1        EV: 12    Int: 10    God:    Ru [......]
Gold:   0          SH:  0    Dex: 14    Spells: 1/1 levels left

rFire    . . .     SeeInvis .   a - +0 hand axe
rCold    . . .     Faith    .   (no shield)
rNeg     . . .     Spirit   .   b - +0 leather armour
rPois    .         Reflect  .   (no helmet)
rElec    .         Harm     .   (no cloak)
rCorr    .         Rampage  .   (no gloves)
MR       .....                  (no boots)
Stlth    +++.......             (no amulet)
HPRegen  0.00/turn              (no ring)
MPRegen  0.07/turn              (no ring)

@: non-regenerating
A: damage resistance, heal wounds, sense surroundings 1, no regeneration
a: Heal Wounds, Renounce Religion


You were on level 5 of the Dungeon.
You worshipped Ru.
Ru was noncommittal.
You visited 1 branch of the dungeon, and saw 2 of its levels.

Inventory:

Hand Weapons
 a - a +0 hand axe (weapon)
Armour
 b - a +0 leather armour (worn)
Wands
 g - a wand of digging (3) {@v3}
Scrolls
 c - a scroll of fog
 d - a scroll of magic mapping {@r5}
 e - a scroll of fear
Potions
 f - a potion of haste {@q4}


   Skills:
 - Level 2.6 Fighting
 + Level 3.4 Axes
 - Level 2.1 Dodging
 - Level 6.0 Stealth


You had one spell level left.
You didn't know any spells.
Your spell library was empty.

Dungeon Overview and Level Annotations

Branches:
Dungeon (6/15)
 Temple: D:4-7

Altars:
Ru


Innate Abilities, Weirdness & Mutations

You are resistant to damage.
You can heal yourself by infusing magical energy.
You passively map a small area around you.
You do not regenerate.


Message History

The leopard gecko bites you.
You closely miss the leopard gecko. The leopard gecko bites you. x2
You closely miss the leopard gecko. The leopard gecko closely misses you.
You hit the leopard gecko.
The leopard gecko is moderately wounded.
The leopard gecko bites you.
You hit the leopard gecko.
You kill the leopard gecko!
No target in view!
No target in view!
You are no longer poisoned.
A frilled lizard comes into view.
The frilled lizard closely misses you.
You hit the frilled lizard.
You kill the frilled lizard!
No target in view!
There is a stone staircase leading down here.
You climb downwards. 3 jackals and an orc priest come into view.
The jackal barks!
The orc priest shouts!
You hear a shout!
There is a stone staircase leading up here.
The jackal bites you but does no damage.
The jackal bites you.
You climb upwards.
There is a stone staircase leading down here.
You closely miss the jackal. You hit the jackal but do no damage.
The jackal closely misses you. The jackal barely misses you.
The jackal bites you but does no damage.
The jackal barely misses you.
You barely miss the jackal. You hit the jackal. The jackal misses you.
The jackal closely misses you.
You hit the jackal.
You kill the jackal!
You hit the jackal. The jackal closely misses you. The jackal bites you.
You hit the jackal but do no damage.
The jackal is moderately wounded.
The jackal bites you. The jackal barely misses you.
You hit the jackal but do no damage.
The jackal is moderately wounded.
The jackal barely misses you.
You hit the jackal.
The jackal is almost dead.
The jackal misses you. The jackal closely misses you.
You hit the jackal.
You kill the jackal!
No target in view!
You fail to use your ability.
Your magical essence is drained by the effort!
You feel much better.
You climb downwards.
An orc comes into view. It is wielding a +0 flail.
The jackal bites you.
A centaur comes into view.
The jackal bites you but does no damage.
There is a stone staircase leading up here.
The jackal closely misses you. The jackal completely misses you.
The centaur hits you. The jackal barely misses you.
The centaur hits you but does no damage.
There is a stone staircase leading up here.
The jackal closely misses you. The centaur hits you.
You climb upwards.
There is a stone staircase leading down here.
You hit the centaur.
The centaur is moderately wounded.
You hit the jackal. The jackal closely misses you.
The centaur closely misses you. The jackal bites you. The centaur hits you.
You hit the centaur.
The centaur is heavily wounded.
You closely miss the jackal. The centaur hits you.
The jackal bites you but does no damage. x2
The centaur hits you.
You hit the centaur but do no damage.
The centaur is heavily wounded.
You closely miss the jackal. The centaur closely misses you.
The jackal bites you but does no damage.
You barely miss the centaur.
The centaur is heavily wounded.
You closely miss the jackal. The centaur hits you. The jackal misses you.
The centaur closely misses you. The jackal closely misses you.
You barely miss the centaur.
The centaur is moderately wounded.
You hit the jackal. The centaur hits you. The jackal bites you.
The centaur hits you but does no damage.
The jackal completely misses you.
You hit the centaur but do no damage.
The centaur is moderately wounded.
You barely miss the jackal. The centaur misses you.
The jackal closely misses you.
You hit the centaur.
The centaur is heavily wounded.
You hit the jackal.
You kill the jackal!
The centaur misses you. The centaur hits you!
* * * LOW HITPOINT WARNING * * *
You fail to use your ability.
The centaur hits you.
* * * LOW HITPOINT WARNING * * *
The centaur closely misses you.
You are too injured to fight recklessly!
You fail to use your ability.
The centaur hits you.
You die...

###########
#.........#
##.#######.# *#..#
#.# ##.#.#######.#
#.###.....##.# ###
##.#.###..##.###.##
##...###..##.##...##
#..@†........#.....#
#.c....#............
#.........######.###
##...#.####### #.#
###.........# #.#
#.###'###.###+##
*#.# #.# #.##...##
#..###.###.#.....#
#..###_..'........


You could see a centaur.

Vanquished Creatures
  An adder (D:5)
  A leopard gecko (D:5)
  3 jackals (D:5)
  A frilled lizard (D:5)
6 creatures vanquished.

Notes
Turn   | Place    | Note
-------+----------+-------------------------------------------
     0 | D:5      | EnegeticOcto the Deep Dwarf Delver began the quest for the
                  | Orb.
     0 | D:5      | Reached XP level 1. HP: 20/20 MP: 1/1
     4 | D:5      | Found a sacrificial altar of Ru.
     9 | D:5      | Became a worshipper of Ru the Awakened
    10 | D:5      | nice turn 10 ru
    33 | D:5      | Reached XP level 2. HP: 20/27 MP: 2/2
   109 | D:6      | Noticed a centaur
   122 | D:5      | Slain by a centaur

Illustrated notes

#..>.........#
#......#......
#.........# *
##...#.#######
,
###.........#
#.###'###.# *
*#.# #.# *
#..###.### ,
#..###@..+,, *
#..###.### , #
#.# * , * ,
#+#* , , , , ,
, , * ,, , ,*
* , * , *


Turn 10 on D:5: nice turn 10 ru

Levels and vault maps discovered:
D:5:      layout_loops_corners, lemuel_doored_altar, grunt_dithmenos_smoke,
          minmay_starry_boxes
D:6:      layout_layer_cave, gammafunk_ghost_grave

Skill      XL: |  1 |
---------------+----+-----
Axes           | 3 |  3.4
Fighting       | |  2.6
Dodging        | |  2.1
Stealth        | |  6.0

Action                   || total
-------------------------++-------
Melee: Hand axe          ||    31
 Abil: Heal Wounds       ||     1
 Stab: Sleeping          ||     1
Armor: Leather armour    ||    10
Dodge: Dodged            ||    38

Table legend: (Time is in decaauts)
 A = Elapsed time spent in this place.
 B = Non-inter-level travel time spent in this place.
 C = Inter-level travel time spent in this place.
 D = Time resting spent in this place.
 E = Time spent auto-exploring this place.
 F = Levels seen in this place.
 G = Mean time per level.
                   A        B        C        D        E       F      G
               +--------+--------+--------+--------+--------+-----+--------+
         Total |    128 |    128 |      0 |      0 |      0 |   2 |   64.0 |
       Dungeon |    128 |    128 |      0 |      0 |      0 |   2 |   64.0 |
               +--------+--------+--------+--------+--------+-----+--------+

Top non-repeatable levels by time:
     D:5: 122 daAuts
     D:6: 6 daAuts
